HSSL
JACKSON HS SWAMP BATS @ OCEANSIDE HS PIRATES
04/04/2029
 
TOP OF THE 1ST
Jackson HS Swamp Bats batting - Pitching for Oceanside HS Pirates : LHP Mark Townsley
Pitching: LHP Mark Townsley
Batting: RHB Julián García 0-0: Called Strike
0-1: Ball
1-1: Ball
2-1: Foul Ball, location: 2F
2-2: Ball
3-2: SINGLE (Groundball, 34D)
Batting: RHB Kevin Wilson 0-0: Ball
1-0: Called Strike
1-1: Ball
2-1: Called Strike
2-2: Strikes out swinging
Batting: RHB Jeremy Gibbs 0-0: Ball
1-0: Foul Ball, location: 2F
1-1: Ball
2-1: Fly out, F8 (Flyball, 8RS)
Batting: RHB Gabriel Vargas 0-0: Ball
1-0: Ball
2-0: Called Strike
2-1: Called Strike
2-2: SINGLE (Line Drive, 89M)
Julián García to second
Batting: RHB Jonathan Smith 0-0: Fly out, F7 (Flyball, 7S)
Top of the 1st over - 0 runs, 2 hits, 0 errors, 2 left on base; Jackson HS 0 - Oceanside HS 0
BOTTOM OF THE 1ST
Oceanside HS Pirates batting - Pitching for Jackson HS Swamp Bats : RHP Cecil Cooper
Pitching: RHP Cecil Cooper
Batting: LHB Otis Campbell 0-0: Fly out, F9 (Flyball, 9LD)
Batting: RHB Charles Collins 0-0: Ball
1-0: DOUBLE (Line Drive, 89D)
Batting: LHB Dylan Savill 0-0: Ball
1-0: Called Strike
1-1: Foul Ball, location: 2F
1-2: Foul Ball, location: 2F
1-2: Fly out, F8 (Flyball, 8LM)
Batting: RHB Tom Hanson 0-0: Ball
1-0: Called Strike
1-1: Called Strike
1-2: Foul Ball, location: 2F
1-2: Fly out, F9 (Flyball, 9D)
Bottom of the 1st over - 0 runs, 1 hit, 0 errors, 1 left on base; Jackson HS 0 - Oceanside HS 0
TOP OF THE 2ND
Jackson HS Swamp Bats batting - Pitching for Oceanside HS Pirates : LHP Mark Townsley
Batting: RHB Russell Ferguson 0-0: Ball
1-0: Called Strike
1-1: Foul Ball, location: 2F
1-2: Strikes out swinging
Batting: RHB Brendon Bachman 0-0: Ball
1-0: Foul Ball, location: 2F
1-1: Swinging Strike
1-2: Strikes out swinging
Batting: LHB Harry McAndrew 0-0: Called Strike
0-1: Foul Ball, location: 2F
0-2: Foul Ball, location: 2F
0-2: Foul Ball, location: 2F
0-2: Ground out 6-3 (Groundball, 6)
Top of the 2nd over - 0 runs, 0 hits, 0 errors, 0 left on base; Jackson HS 0 - Oceanside HS 0
BOTTOM OF THE 2ND
Oceanside HS Pirates batting - Pitching for Jackson HS Swamp Bats : RHP Cecil Cooper
Batting: RHB Heath Jones 0-0: Called Strike
0-1: Swinging Strike
0-2: Strikes out looking
Batting: RHB Shawn Mendoza 0-0: Ball
1-0: Ball
2-0: Ball
3-0: Called Strike
3-1: Base on Balls
Batting: SHB Harris Townsend 0-0: Ball
Wild Pitch!
Shawn Mendoza to second
1-0: Ground out 6-3 (Groundball, 6M)
Shawn Mendoza to third
Batting: RHB Ben Williams 0-0: Ball
1-0: Ball
2-0: Ball
3-0: Called Strike
3-1: Base on Balls
Batting: LHB Tomás Balerio 0-0: Ball
1-0: Called Strike
1-1: Called Strike
1-2: Ball
2-2: Strikes out swinging
Bottom of the 2nd over - 0 runs, 0 hits, 0 errors, 2 left on base; Jackson HS 0 - Oceanside HS 0
TOP OF THE 3RD
Jackson HS Swamp Bats batting - Pitching for Oceanside HS Pirates : LHP Mark Townsley
Batting: RHB Mark May 0-0: Ball
1-0: Foul Ball, location: 2F
1-1: Ball
2-1: Fly out, F8 (Flyball, 8LD)
Batting: RHB Julián García 0-0: Foul Ball, location: 2F
0-1: Ball
1-1: Ball
2-1: Ball
3-1: Base on Balls
Batting: RHB Kevin Wilson 0-0: Ball
1-0: Called Strike
1-1: Called Strike
1-2: Strikes out looking
Batting: RHB Jeremy Gibbs 0-0: Ball
Julián García steals 2nd base
1-0: Fly out, F3 (Popup, 3SF)
Top of the 3rd over - 0 runs, 0 hits, 0 errors, 1 left on base; Jackson HS 0 - Oceanside HS 0
BOTTOM OF THE 3RD
Oceanside HS Pirates batting - Pitching for Jackson HS Swamp Bats : RHP Cecil Cooper
Batting: LHB Otis Campbell 0-0: Ball
1-0: Ball
2-0: Swinging Strike
2-1: Swinging Strike
2-2: Strikes out swinging
Batting: RHB Charles Collins 0-0: Ball
1-0: Foul Ball, location: 2F
1-1: Ball
2-1: Ground out 5-3 (Groundball, 5S)
Batting: LHB Dylan Savill 0-0: SINGLE (Flyball, 8RM)
Batting: RHB Tom Hanson 0-0: Foul Ball, location: 2F
0-1: Ball
1-1: Fly out, F9 (Flyball, 9S)
Bottom of the 3rd over - 0 runs, 1 hit, 0 errors, 1 left on base; Jackson HS 0 - Oceanside HS 0
TOP OF THE 4TH
Jackson HS Swamp Bats batting - Pitching for Oceanside HS Pirates : LHP Mark Townsley
Batting: RHB Gabriel Vargas 0-0: Reached on error, E6 (Groundball, 6)
Batting: RHB Jonathan Smith 0-0: Foul Ball, location: 2F
0-1: Ball
1-1: Called Strike
1-2: Ground out 6-3 (Groundball, 6)
Batting: RHB Russell Ferguson 0-0: Ground out 5-3 (Groundball, 56)
Batting: RHB Brendon Bachman 0-0: Ball
1-0: Swinging Strike
1-1: Swinging Strike
1-2: Foul Ball, location: 2F
1-2: Strikes out looking
Top of the 4th over - 0 runs, 0 hits, 1 error, 1 left on base; Jackson HS 0 - Oceanside HS 0
BOTTOM OF THE 4TH
Oceanside HS Pirates batting - Pitching for Jackson HS Swamp Bats : RHP Cecil Cooper
Batting: RHB Heath Jones 0-0: Foul Ball, location: 2F
0-1: Ball
1-1: SINGLE (Groundball, 56D)
Batting: RHB Shawn Mendoza 0-0: Called Strike
0-1: Grounds into double play, 6-4-3 (Groundball, 6)
Batting: SHB Harris Townsend 0-0: Swinging Strike
0-1: Ball
1-1: Swinging Strike
1-2: Ball
2-2: Ball
3-2: Base on Balls
Batting: RHB Ben Williams 0-0: Ball
1-0: Fielders Choice at 2nd, 6-4 (Groundball, 6)
Bottom of the 4th over - 0 runs, 1 hit, 0 errors, 1 left on base; Jackson HS 0 - Oceanside HS 0
TOP OF THE 5TH
Jackson HS Swamp Bats batting - Pitching for Oceanside HS Pirates : LHP Mark Townsley
Batting: LHB Harry McAndrew 0-0: Called Strike
0-1: Foul Ball, location: 2F
0-2: Ground out 4-3 (Groundball, 4)
Batting: RHB Mark May 0-0: Ball
1-0: Swinging Strike
1-1: Ball
2-1: Called Strike
2-2: Foul Ball, location: 2F
2-2: Ball
3-2: Foul Ball, location: 2F
3-2: Strikes out looking
Batting: RHB Julián García 0-0: SINGLE (Groundball, 34D)
Batting: RHB Kevin Wilson 0-0: Ball
Julián García steals 2nd base
1-0: Foul Ball, location: 2F
1-1: Foul Ball, location: 2F
1-2: Ball
2-2: Foul Ball, location: 2F
2-2: Ball
3-2: Strikes out swinging
Top of the 5th over - 0 runs, 1 hit, 0 errors, 1 left on base; Jackson HS 0 - Oceanside HS 0
BOTTOM OF THE 5TH
Oceanside HS Pirates batting - Pitching for Jackson HS Swamp Bats : RHP Cecil Cooper
Batting: LHB Tomás Balerio 0-0: Called Strike
0-1: Ball
1-1: Called Strike
1-2: Ball
2-2: Strikes out swinging
Batting: LHB Otis Campbell 0-0: Ball
1-0: Called Strike
1-1: Swinging Strike
1-2: Ball
2-2: Ball
3-2: Base on Balls
Batting: RHB Charles Collins 0-0: Ball
1-0: Ball
Otis Campbell steals 2nd base
2-0: Ball
3-0: Base on Balls
Batting: LHB Dylan Savill 0-0: Called Strike
Otis Campbell steals 3rd base
Charles Collins to second
0-1: Ball
1-1: Intentional Walk
Batting: RHB Tom Hanson 0-0: Called Strike
0-1: Ball
Wild Pitch!
Otis Campbell scores
Charles Collins to third
Dylan Savill to second
1-1: Intentional Walk
Batting: RHB Heath Jones 0-0: Ball
1-0: Ball
2-0: Called Strike
2-1: Ball
3-1: Base on Balls
Charles Collins scores
Dylan Savill to third
Tom Hanson to second
Pitching: RHP José Carmona
Batting: RHB Shawn Mendoza 0-0: Ball
1-0: Called Strike
1-1: Foul Ball, location: 2F
1-2: Ball
2-2: Strikes out swinging
Batting: SHB Harris Townsend 0-0: Ball
1-0: Ball
2-0: Ball
3-0: Called Strike
3-1: Foul Ball, location: 2F
3-2: Base on Balls
Dylan Savill scores
Tom Hanson to third
Heath Jones to second
Batting: RHB Ben Williams 0-0: Called Strike
0-1: Ball
1-1: Foul Ball, location: 2F
1-2: Fly out, F9 (Line Drive, 9S)
Bottom of the 5th over - 3 runs, 0 hits, 0 errors, 3 left on base; Jackson HS 0 - Oceanside HS 3
TOP OF THE 6TH
Jackson HS Swamp Bats batting - Pitching for Oceanside HS Pirates : LHP Mark Townsley
Batting: RHB Jeremy Gibbs 0-0: Ball
1-0: Foul Ball, location: 2F
1-1: DOUBLE (Line Drive, 89D)
Pitching: RHP Ben Phillips
Batting: RHB Gabriel Vargas 0-0: Swinging Strike
0-1: Called Strike
0-2: Ball
1-2: Ground out 5-3 (Groundball, 5)
Batting: RHB Jonathan Smith 0-0: Ball
1-0: Ball
2-0: Foul Ball, location: 2F
2-1: SINGLE (Flyball, 9S)
Jeremy Gibbs to third
Runner from 3rd tries for Home, SAFE, no throw
Batting: RHB Russell Ferguson 0-0: Ball
1-0: 2-RUN HOME RUN (Line Drive, 78XD), Distance : 442 ft
Pitching: RHP Abraham Hayes
Batting: RHB Brendon Bachman 0-0: Ball
1-0: Ball
2-0: SOLO HOME RUN (Flyball, 7LD), Distance : 370 ft
Batting: LHB Harry McAndrew 0-0: SINGLE (Groundball, 34D)
Batting: RHB Mark May 0-0: Called Strike
0-1: Foul Ball, location: 2F
0-2: Ball
1-2: Ball
2-2: Foul Ball, location: 2F
2-2: 2-RUN HOME RUN (Flyball, 78XD), Distance : 438 ft
Pitching: LHP Bobby Young
Batting: RHB Julián García 0-0: Ball
1-0: Foul Ball, location: 2F
1-1: Ball
2-1: Fly out, F8 (Flyball, 8RS)
Batting: RHB Kevin Wilson 0-0: Swinging Strike
0-1: Called Strike
0-2: Strikes out swinging
Top of the 6th over - 6 runs, 6 hits, 0 errors, 0 left on base; Jackson HS 6 - Oceanside HS 3
BOTTOM OF THE 6TH
Oceanside HS Pirates batting - Pitching for Jackson HS Swamp Bats : RHP José Carmona
Batting: LHB Tomás Balerio 0-0: Foul Ball, location: 2F
0-1: Bunted foul
0-2: SOLO HOME RUN (Line Drive, 7LD), Distance : 367 ft
Batting: LHB Otis Campbell 0-0: Ball
1-0: Foul Ball, location: 2F
1-1: Ball
2-1: SINGLE (Groundball, 6) (infield hit)
Batting: RHB Charles Collins 0-0: Ball
Otis Campbell steals 2nd base
1-0: Ball
2-0: Ball
3-0: Swinging Strike
3-1: Foul Ball, location: 2F
3-2: Foul Ball, location: 2F
3-2: Fly out, F7 (Line Drive, 7)
Batting: LHB Dylan Savill 0-0: Ball
1-0: Ground out 6-3 (Groundball, 6)
Batting: RHB Tom Hanson 0-0: Ball
Passed Ball!
Otis Campbell to third
1-0: Fly out, F8 (Line Drive, 8LM)
Bottom of the 6th over - 1 run, 2 hits, 0 errors, 1 left on base; Jackson HS 6 - Oceanside HS 4
TOP OF THE 7TH
Jackson HS Swamp Bats batting - Pitching for Oceanside HS Pirates : LHP Bobby Young
Batting: RHB Jeremy Gibbs 0-0: Foul Ball, location: 2F
0-1: Ground out 3-1 (Groundball, 34S)
Batting: RHB Gabriel Vargas 0-0: Ball
1-0: Fly out, F9 (Flyball, 9S)
Batting: RHB Jonathan Smith 0-0: SINGLE (Groundball, 6D)
Batting: RHB Russell Ferguson 0-0: Ball
1-0: Foul Ball, location: 2F
1-1: Called Strike
1-2: Ball
2-2: Strikes out swinging
Top of the 7th over - 0 runs, 1 hit, 0 errors, 1 left on base; Jackson HS 6 - Oceanside HS 4
BOTTOM OF THE 7TH
Oceanside HS Pirates batting - Pitching for Jackson HS Swamp Bats : RHP José Carmona
Batting: RHB Heath Jones 0-0: Called Strike
0-1: Ground out 5-3 (Groundball, 5D)
Batting: RHB Shawn Mendoza 0-0: Called Strike
0-1: Ball
1-1: Called Strike
1-2: Hit by Pitch
Batting: SHB Harris Townsend 0-0: Ball
1-0: Foul Ball, location: 2F
1-1: Foul Ball, location: 2F
1-2: Fly out, F4 (Popup, 4M)
Batting: RHB Ben Williams 0-0: DOUBLE (Flyball, 8RD)
Shawn Mendoza to third
Pitching: LHP John Harris
Batting: LHB Tomás Balerio 0-0: Swinging Strike
0-1: Swinging Strike
0-2: Ball
1-2: Foul Ball, location: 2F
1-2: Foul Ball, location: 2F
1-2: Ball
2-2: Strikes out swinging
Bottom of the 7th over - 0 runs, 1 hit, 0 errors, 2 left on base; Jackson HS 6 - Oceanside HS 4
TOP OF THE 8TH
Jackson HS Swamp Bats batting - Pitching for Oceanside HS Pirates : LHP Bobby Young
Batting: RHB Brendon Bachman 0-0: Called Strike
0-1: Ball
1-1: Ball
2-1: Ball
3-1: DOUBLE (Line Drive, 89D)
Batting: LHB Harry McAndrew 0-0: Swinging Strike
0-1: Swinging Strike
0-2: Foul Ball, location: 2F
0-2: Foul Ball, location: 2F
0-2: Ball
1-2: Foul Ball, location: 2F
1-2: Strikes out swinging
Batting: RHB Mark May 0-0: Ball
1-0: Swinging Strike
1-1: Foul Ball, location: 2F
1-2: Strikes out swinging
Batting: RHB Julián García 0-0: Ball
1-0: Swinging Strike
1-1: Ball
2-1: Ball
3-1: Base on Balls
Batting: RHB Kevin Wilson 0-0: Ball
1-0: Swinging Strike
1-1: Called Strike
1-2: Strikes out swinging
Top of the 8th over - 0 runs, 1 hit, 0 errors, 2 left on base; Jackson HS 6 - Oceanside HS 4
BOTTOM OF THE 8TH
Oceanside HS Pirates batting - Pitching for Jackson HS Swamp Bats : LHP John Harris
Batting: LHB Otis Campbell 0-0: Ball
1-0: Ball
2-0: Ball
3-0: Called Strike
3-1: Base on Balls
Pitching: RHP Dudley Simmons
Batting: RHB Charles Collins 0-0: Foul Ball, location: 2F
0-1: Ball
1-1: Foul Ball, location: 2F
1-2: Ball
Wild Pitch!
Otis Campbell to second
2-2: Strikes out swinging
Batting: LHB Dylan Savill 0-0: Ball
1-0: Ball
2-0: Foul Ball, location: 2F
2-1: Foul Ball, location: 2F
2-2: Foul Ball, location: 2F
2-2: Ball
3-2: Base on Balls
Batting: RHB Tom Hanson 0-0: Called Strike
0-1: Ball
1-1: DOUBLE (Line Drive, 89D)
Otis Campbell scores
Dylan Savill to third
Batting: RHB Heath Jones 0-0: Called Strike
0-1: Ball
1-1: Foul Ball, location: 2F
1-2: SINGLE (Line Drive, 8LS)
Dylan Savill scores
Tom Hanson to third
Runner from 3rd tries for Home, SAFE, no throw
Batting: RHB Shawn Mendoza 0-0: Ball
Wild Pitch!
Heath Jones to second
1-0: Intentional Walk
Pinch Hitting: RHB Vincent Lowe 0-0: Foul Ball, location: 2F
0-1: Ball
1-1: Fielders Choice at 2nd, 4-6 (Groundball, 4)
Heath Jones to third
Pinch Hitting: RHB Sergio Arboledo 0-0: Called Strike
0-1: Fielders Choice at 2nd, 5-4 (Groundball, 56)
Bottom of the 8th over - 3 runs, 2 hits, 0 errors, 2 left on base; Jackson HS 6 - Oceanside HS 7
TOP OF THE 9TH
Jackson HS Swamp Bats batting - Pitching for Oceanside HS Pirates : LHP Bobby Young
Now at 3B: Francis Méndez
Now at SS: Sergio Arboledo
Batting: RHB Jeremy Gibbs 0-0: Foul Ball, location: 2F
0-1: Called Strike
0-2: Ball
1-2: Foul Ball, location: 2F
1-2: Strikes out swinging
Batting: RHB Gabriel Vargas 0-0: Foul Ball, location: 2F
0-1: Ball
1-1: Ball
2-1: Ball
3-1: Swinging Strike
3-2: Base on Balls
Batting: RHB Jonathan Smith 0-0: Called Strike
0-1: Foul Ball, location: 2F
0-2: Strikes out swinging
Pitching: RHP Ron Williams
Batting: RHB Russell Ferguson 0-0: Swinging Strike
0-1: Swinging Strike
0-2: Ball
1-2: Foul Ball, location: 2F
1-2: Foul Ball, location: 2F
1-2: Ball
2-2: Ball
3-2: Base on Balls
Gabriel Vargas to second
Pinch Hitting: LHB Joe Davis 0-0: Foul Ball, location: 2F
0-1: Called Strike
0-2: Ball
1-2: Foul Ball, location: 2F
1-2: SINGLE (Flyball, 8RS)
Gabriel Vargas to third
Russell Ferguson to second
Runner from 3rd tries for Home, SAFE, throw made home
Batting: LHB Harry McAndrew 0-0: Ball
1-0: Fly out, F6 (Popup, 6MS)
Top of the 9th over - 1 run, 1 hit, 0 errors, 2 left on base; Jackson HS 7 - Oceanside HS 7
BOTTOM OF THE 9TH
Oceanside HS Pirates batting - Pitching for Jackson HS Swamp Bats : RHP Dudley Simmons
Pitching: RHP Jack Bowden
Now at C: Joe Davis
Batting: LHB Tomás Balerio 0-0: Ground out 1-3 (Groundball, 13S)
Batting: LHB Otis Campbell 0-0: Ball
1-0: Ground out 1-3 (Groundball, 15)
Batting: RHB Charles Collins 0-0: Ground out 5-3 (Groundball, 5S)
Bottom of the 9th over - 0 runs, 0 hits, 0 errors, 0 left on base; Jackson HS 7 - Oceanside HS 7
TOP OF THE 10TH
Jackson HS Swamp Bats batting - Pitching for Oceanside HS Pirates : RHP Ron Williams
Pitching: RHP Juan Jose Jiménez
Batting: RHB Mark May 0-0: Ground out 6-3 (Groundball, 6)
Batting: RHB Julián García 0-0: Ball
1-0: Foul Ball, location: 2F
1-1: Ball
2-1: SOLO HOME RUN (Flyball, 7LD), Distance : 366 ft
Batting: RHB Kevin Wilson 0-0: Called Strike
0-1: Foul Ball, location: 2F
0-2: Ball
1-2: Strikes out swinging
Batting: RHB Jeremy Gibbs 0-0: Ball
1-0: Swinging Strike
1-1: Foul Ball, location: 2F
1-2: Ball
2-2: Ball
3-2: Foul Ball, location: 2F
3-2: Foul Ball, location: 2F
3-2: Base on Balls
Batting: RHB Gabriel Vargas 0-0: Ball
1-0: Ball
2-0: Fly out, F8 (Flyball, 89D)
Top of the 10th over - 1 run, 1 hit, 0 errors, 1 left on base; Jackson HS 8 - Oceanside HS 7
BOTTOM OF THE 10TH
Oceanside HS Pirates batting - Pitching for Jackson HS Swamp Bats : RHP Jack Bowden
Pitching: RHP Peter Poe
Batting: LHB Dylan Savill 0-0: Ball
1-0: Ball
2-0: Swinging Strike
2-1: Called Strike
2-2: Ball
3-2: Base on Balls
Batting: RHB Tom Hanson 0-0: SINGLE (Line Drive, 89M)
Dylan Savill to second
Batting: RHB Heath Jones 0-0: Ball
1-0: Ball
2-0: Foul Ball, location: 2F
2-1: Foul Ball, location: 2F
2-2: DOUBLE (Flyball, 7LM)
Dylan Savill scores
Tom Hanson to third
Batting: RHB Shawn Mendoza 0-0: Intentional Walk
Batting: RHB Francis Méndez 0-0: Called Strike
0-1: Ball
1-1: Ball
2-1: Foul Ball, location: 2F
2-2: SINGLE (Flyball, 8RS)
Tom Hanson scores
Saturday, December 16th, 2017 - OOTP Baseball 18.8 Build 76